 Dungeon Crawl Stone Soup version 0.27-a0-1217-g8a41f320e8 (webtiles) character file.

Game seed: 16788154562094483236

81 Zonian the Conjurer (level 4, -1/46 HPs)
             Began as a Human Conjurer on June 6, 2021.
             Slain by Terence
             ... wielding a +0 mace
              (5 damage)
             ... on level 3 of the Dungeon.
             The game lasted 00:04:44 (4244 turns).

Zonian the Conjurer (Human Conjurer)                Turns: 4244, Time: 00:04:45

Health: -1/46      AC:  6    Str:  7    XL:     4   Next: 68%
Magic:  0/7        EV: 12    Int: 19    God:
Gold:   55         SH:  0    Dex: 12    Spells: 4/7 levels left

rFire    . . .     SeeInvis .   q - staff of conjuration
rCold    . . .     Faith    .   (no shield)
rNeg     . . .     Spirit   .   a - +0 robe
rPois    .         Reflect  .   (no helmet)
rElec    .         Harm     .   (no cloak)
rCorr    .         Rampage  .   (no gloves)
Will     .....                  (no boots)
Stlth    ..........             (no amulet)
HPRegen  0.15/turn              n - +4 ring of protection
MPRegen  0.10/turn              (no ring)

@: mighty, berserking, very slightly contaminated, very quick
A: no striking features
a: no special abilities


You were on level 3 of the Dungeon.
You visited 1 branch of the dungeon, and saw 3 of its levels.

You collected 55 gold pieces.

Inventory:

Hand Weapons
 b - a +1 spectral short sword
 p - a +0 flail
Missiles
 e - 14 poisoned darts
Armour
 a - a +0 robe (worn)
Magical Staves
 q - a staff of conjuration (weapon)
Jewellery
 n - a +4 ring of protection (left hand)
Scrolls
 g - a scroll of brand weapon
 k - a scroll of enchant weapon
 l - a scroll of amnesia
 m - a scroll of identify
Potions
 c - a potion of degeneration {unknown}
 d - a potion of invisibility {unknown}
 f - a potion of might
 i - a potion of heal wounds {unknown}
 j - a potion of lignification {unknown}
 r - a potion of attraction {unknown}


   Skills:
 + Level 0.5 Fighting
 - Level 0.7 Short Blades
 + Level 0.1 Staves
 + Level 2.2 Dodging
 + Level 2.6 Stealth
 + Level 2.4 Spellcasting
 + Level 4.9 Conjurations


You had 4 spell levels left.
You knew the following spells:

 Your Spells              Type           Power      Damage    Failure   Level
a - Magic Dart            Conj           100%       1d8       2%          1
b - Searing Ray           Conj           62%        3d5       3%          2

Your spell library contained the following spells:

 Spells                   Type           Power      Damage    Failure   Level
 Dazzling Flash           Conj/Hex       34%        N/A       19%         3
 Confusing Touch          Hex            2%         N/A       43%         3
 Gell's Gravitas          Tloc           1%         N/A       43%         3
 Fulminant Prism          Conj/Hex       8%         3d7       52%         4
 Iskenderun's Mystic Bla  Conj/Tloc      17%        2d5       52%         4
 Petrify                  Tmut/Erth      2%         N/A       85%         4
 Metabolic Englaciation   Hex/Ice        1%         N/A       99%         5
 Yara's Violent Unravell  Hex/Tmut       1%         3d3       99%         5


Dungeon Overview and Level Annotations

Branches:
Dungeon (3/15)

Altars:

Annotations:
D:1 1 runed translucent door
D:3 2 runed translucent doors, Terence


Message History

You hit Terence but do no damage.
Terence is almost dead.
Terence barely misses you.
You barely miss Terence.
Terence is almost dead.
Terence hits you with a +0 mace.
You closely miss Terence.
Terence is almost dead.
Terence hits you with a +0 mace. Terence hits you with a +0 mace!
* * * LOW HITPOINT WARNING * * *
You barely miss Terence.
Terence is almost dead.
Terence closely misses you.
Unknown command.
You feel very mighty all of a sudden. Terence hits you but does no damage.
Casting: Magic Dart (safe; 2% risk of failure)
Confirm with . or Enter, or press ? or * to list all spells.
Aiming: Magic Dart (safe; 2% risk of failure)
Press: ? - help, Shift-Dir - straight line, f/p - Terence
Aim: Terence, wielding a +0 mace and wearing a +0 scale mail (almost dead, 100% to hit)
You feel a surge of power!
You miscast Magic Dart.
You are very lightly contaminated with residual magic.
Nothing appears to happen.
Terence barely misses you.
You hit Terence but do no damage.
Terence is almost dead.
Terence closely misses you.
You closely miss Terence.
Terence is almost dead.
Terence hits you with a +0 mace.
* * * LOW HITPOINT WARNING * * *
You barely miss Terence.
Terence is almost dead.
Terence hits you with a +0 mace.
* * * LOW HITPOINT WARNING * * *
It was a potion of berserk rage.
A red film seems to cover your vision as you go berserk!
You feel yourself moving faster!
You feel mighty! Terence hits you with a +0 mace.
You die...

###.##....# .. #
#....#####++ ##
#...........
...##.#..###....
...............#
........#####..
# .#...#).#...
..#
#.#^#..#.####..#
#.# #...S@@....#
#.##.#####.# #.
#.# #. #.# ..
#.# ## #.# ..#
##.


You could see Terence and an adder.

Vanquished Creatures
  3 gnolls (D:2)
  2 dart slugs
  9 ball pythons
  5 endoplasms
  3 giant cockroaches
  4 goblins
  A hobgoblin (D:2)
  3 jackals (D:2)
  4 bats
  3 frilled lizards
  7 kobolds
  5 rats
49 creatures vanquished.

Notes
Turn   | Place    | Note
-------+----------+-------------------------------------------
     0 | D:1      | Zonian the Human Conjurer began the quest for the Orb.
     0 | D:1      | Reached XP level 1. HP: 13/13 MP: 3/3
     0 | D:1      | Noticed a jelly
     1 | D:1      | Found a runed translucent door.
   414 | D:1      | Reached XP level 2. HP: 19/19 MP: 1/5
   609 | D:1      | Learned a level 2 spell: Searing Ray
   824 | D:1      | Found a faded altar of an unknown god.
  1473 | D:1      | Reached XP level 3. HP: 19/24 MP: 0/6
  2729 | D:2      | Reached XP level 4. HP: 30/30 MP: 2/7
  4214 | D:3      | Found a runed translucent gate.
  4214 | D:3      | Found a runed translucent gate.
  4216 | D:3      | Noticed Terence
  4244 | D:3      | Slain by Terence

Illustrated notes

Levels and vault maps discovered:
D:1:      dpeg_arrival_caged_fury, layout_basic, shapermc_ecumenical_altar_gd,
          kennysheep_boxes
D:2:      layout_loops_ring
D:3:      layout_basic, gammafunk_ghost_necromancy, uniq_ijyb, uniq_terence,
          uniq_natasha

Action                   |  1- 3 |  4- 6 || total
-------------------------+-------+-------++-------
Melee: Short sword       |    50 |     5 ||    55
       Staff             |       |    11 ||    11
 Cast: Magic Dart        |    54 |    30 ||    84
       Searing Ray       |       |     1 ||     1
  Use: Scroll            |       |     6 ||     6
       Potion            |       |     2 ||     2
 Stab: Sleeping          |     2 |       ||     2
Armor: Robe              |    10 |     5 ||    15
Dodge: Dodged            |    42 |    10 ||    52

Table legend: (Time is in decaauts)
 A = Elapsed time spent in this place.
 B = Non-inter-level travel time spent in this place.
 C = Inter-level travel time spent in this place.
 D = Time resting spent in this place.
 E = Time spent auto-exploring this place.
 F = Levels seen in this place.
 G = Mean time per level.
                   A        B        C        D        E       F      G
               +--------+--------+--------+--------+--------+-----+--------+
         Total |   4249 |   4244 |      5 |   2173 |   1683 |   3 | 1416.3 |
       Dungeon |   4249 |   4244 |      5 |   2173 |   1683 |   3 | 1416.3 |
               +--------+--------+--------+--------+--------+-----+--------+

Top non-repeatable levels by time:
     D:1: 2259 daAuts
     D:2: 1718 daAuts
     D:3: 270 daAuts
